AoeStats
← El pistolas

Arena

509914522Analyzed
1v1 RM · 2d ago on Sep 28, 2026· 17m 49s· 2 players
Game mode
Random Map
Map size
Tiny (2 player)
Population
200
Speed
Normal
Resources
Standard
Victory
Conquest
Starting age
Dark Age
Ending age
Imperial Age
RankedLock teamsTeams togetherTeam positionsShared explorationLock speedFull tech treeHidden civsTurbo modeCheats
Victory
Defeat
🇪🇸 Persians · Spain
280
+14
🇵🇱 Malay · Poland
247
-14
madame Irene
13:26 Feudal Age
14:30 Wheelbarrow
14:01 Double-Bit Axe
18:18 Castle Age
El pistolas
10:38 Feudal Age
11:50 Wheelbarrow
11:13 Horse Collar
11:42 Double-Bit Axe
15:32 Town Watch
18:01 Gold Mining
18:02 Stone Mining
Connection lost

Rejoining the realm…

Still unreachable

The connection could not be restored.

Session expired

The server has moved on; the page needs a fresh start.